 Dungeon Crawl Stone Soup version 0.01-2115-ge649c80b0b (webtiles) character file.

Game seed: 7417503057898913075, levelgen mode: deterministic

370088 Lanoc the Executioner (level 22, -7/206 HPs) Hill Orc Demonspawn. Began on June 12, 2020. Was the Champion of Beogh. Mangled by a war gargoyle ... wielding a +2 battleaxe (14 damage) ... on level 4 of the Vaults on June 13, 2020. The game lasted 02:24:01 (34077 turns).

Lanoc the Executioner (Hill Orc Demonspawn)        Turns: 34077, Time: 02:24:02

Health: -7/206     AC: 34    Str: 18    XL:     22 ^: 39789
Magic:  33/33      EV: 15    Int: 14    God:    Beogh [****** (177)]
Gold:   3719       SH:  0    Dex: 17    Spells: 23/24 levels left

rFire    + + +     Vision   .   a - +9 hammer (elec)
rCold    + + .     Gourm    .   P - +1 broad axe (vamp)
rNeg     . . .     Faith    +   j - +7 gold dragon scales {rC+}
rPois    +         Spirit   .   (helmet unavailable)
rElec    .         Reflect  .   Z - +0 cloak {rPois}
rCorr    .         Harm     .   U - +2 pair of gloves
MR       ++...                  F - +0 pair of boots of the Nine Dances {rF++ Int+2 Slay+2}
Stlth    ..........             C - amulet of faith
HPRegen  0.78/turn              B - ring of protection from magic
MPRegen  0.43/turn              T - ring of evasion

@: very slightly contaminated, studying Shields, very heavily drained
A: walk on water, horns 3, thin metallic scales 2, fire resistance 1, low mp 1,
powered by death 3, weak 1, augmentation 1, flame cloud immunity
}: 2/15 runes: decaying, gossamer
a: Smiting, Recall Orcish Followers, Give Item to Named Follower, Resurrection,
Renounce Religion


You were on level 4 of the Vaults.
You worshipped Beogh.
Beogh was exalted by your worship.
You were hungry.

You visited 7 branches of the dungeon, and saw 30 of its levels.
You also visited: Gauntlet and Ice Cave.

You collected 5043 gold pieces.
You spent 1324 gold pieces at shops.

Inventory:

Weapons
 a - a +9 hammer of electrocution (weapon)
 P - a +1 vampiric broad axe (weapon) Shields
 b - a +2 scutum of protection
 k - a +0 heater shield
 p - a +0 buckler
Armour
 j - +7 gold dragon scales of cold resistance (worn)
 F - the +0 pair of boots of the Nine Dances (worn) {rF++ Int+2 Slay+2}
   (You found it on level 2 of the Lair of Beasts)

   It affects your intelligence (+2).
   It affects your accuracy and damage with ranged weapons and melee attacks
   (+2).
   It greatly protects you from fire.
 U - a +2 pair of gloves (worn)
 Z - a +0 cloak of poison resistance (worn)
Jewellery
 c - an uncursed amulet of reflection
 B - a ring of protection from magic (left hand)
 C - an amulet of faith (around neck)
 T - a ring of evasion (right hand)
Wands
 m - a wand of ensnaring (12)
 r - a wand of healing (5)
 u - a wand of random effects (24)
 w - a wand of flame (30)
 x - a wand of clouds (7)
 y - a wand of hasting (6)
 H - a wand of disintegration (47)
 I - a wand of polymorph (20)
 J - a wand of scattershot (4)
 L - a wand of enslavement (30)
 N - a wand of iceblast (26)
 Q - a wand of acid (23)
Scrolls
 e - 12 scrolls of amnesia
 f - 11 scrolls of fog
 g - 10 scrolls of magic mapping
 h - a scroll of blinking
 v - 9 scrolls of immolation
 A - 12 scrolls of teleportation
 D - 4 scrolls of summoning
 G - 3 scrolls of fear
 S - 3 scrolls of bless item
Potions
 i - a potion of cancellation
 l - 3 potions of resistance
 n - 4 potions of brilliance
 o - 11 potions of curing
 q - 5 potions of haste
 s - 6 potions of ambrosia
 t - 6 potions of berserk rage
 z - 5 potions of agility
 E - 4 potions of magic
 K - 5 potions of might
 R - 3 potions of lignification
 V - 4 potions of invisibility
 W - 4 potions of mutation
Books
 Y - a manual of Shields
Miscellaneous
 M - a lamp of fire
 O - a phial of floods
Comestibles
 d - 61 rations


   Skills:
 + Level 19.5(14.3) Fighting
 * Level 24.4(18.7) Axes & Hammers
 + Level 15.7(10.9) Armour
 + Level 12.8(8.3) Dodging
 - Level 1.5(0.0) Stealth
 - Level 4.0(0.5) Shields
 - Level 1.5(0.0) Spellcasting
 + Level 23.2(17.6) Invocations


You had 23 spell levels left.
You knew the following spells:

 Your Spells              Type           Power        Failure   Level  Hunger
a - Flame Tongue          Fire           0 (40)       98%         1    ##.....

Your spell library contained the following spells:

 Spells                   Type           Power        Failure   Level  Hunger
 Animate Skeleton         Necr           N/A          98%         1    ##.....
 Beastly Appendage        Tmut           0 (50)       98%         1    ##.....
 Confusing Touch          Hex            0 (50)       98%         1    ##.....
 Foxfire                  Fire           0 (25)       98%         1    ##.....
 Infusion                 Chrm           0 (25)       98%         1    ##.....
 Magic Candle             Hex/Fire       0 (90)       98%         1    ##.....
 Summon Small Mammal      Summ           0 (25)       98%         1    ##.....
 Blink                    Tloc           N/A          99%         2    ###....
 Call Imp                 Summ           0 (100)      99%         2    ###....
 Ensorcelled Hibernation  Hex/Ice        0 (50)       99%         2    ###....
 Searing Ray              Fire           0 (50)       99%         2    ###....
 Shroud of Golubria       Chrm/Tloc      0 (200)      99%         2    ###....
 Slow                     Hex            0 (100)      99%         2    ###....
 Song of Slaying          Chrm           0 (100)      99%         2    ###....
 Sticks to Snakes         Tmut           0 (100)      99%         2    ###....
 Blinding Spray           Hex/Pois       0 (50)       100%        3    ####...
 Confuse                  Hex            0 (100)      100%        3    ####...
 Conjure Flame            Fire           0 (100)      100%        3    ####...
 Inner Flame              Hex/Fire       0 (100)      100%        3    ####...
 Mephitic Cloud           Pois/Air       0 (100)      100%        3    ####...
 Portal Projectile        Chrm/Tloc      0 (50)       100%        3    ####...
 Regeneration             Chrm/Necr      0 (200)      100%        3    ####...
 Snakes to Sticks         Hex/Tmut       0 (100)      100%        3    ####...
 Spectral Weapon          Chrm/Summ      0 (100)      100%        3    ####...
 Spider Form              Tmut/Pois      0 (200)      100%        3    ####...
 Static Discharge         Air            0 (100)      100%        3    ####...
 Teleport Other           Hex/Tloc       0 (100)      100%        3    ####...
 Tukima's Dance           Hex            0 (100)      100%        3    ####...
 Cause Fear               Hex            0 (200)      100%        4    #####..
 Force Lance              Tloc/Air       0 (200)      100%        4    #####..
 Force Lasso              Tloc/Erth      0 (200)      100%        4    #####..
 Fulminant Prism          Hex            0 (200)      100%        4    #####..
 Ice Form                 Ice/Tmut       0 (100)      100%        4    #####..
 Leda's Liquefaction      Tmut/Erth      0 (200)      100%        4    #####..
 Passage of Golubria      Tloc           N/A          100%        4    #####..
 Sticky Flame             Fire/Pois      0 (100)      100%        4    #####..
 Blade Hands              Tmut           0 (200)      100%        5    ######.
 Bolt of Magma            Fire/Erth      0 (200)      100%        5    ######.
 Fireball                 Fire           0 (200)      100%        5    ######.
 Iskenderun's Battlesphe  Chrm/Erth      0 (100)      100%        5    ######.
 Lightning Bolt           Air            0 (200)      100%        5    ######.
 Summon Lightning Spire   Summ/Air       0 (100)      100%        5    ######.
 Iron Shot                Erth           0 (200)      100%        6    #######
 Iskenderun's Icy Sphere  Ice            0 (200)      100%        7    #######
 Spellforged Servitor     Summ           0 (200)      100%        7    #######
 Ignition                 Fire           0 (200)      100%        8    #######
 Shatter                  Erth           0 (200)      100%        9    #######
 Tornado                  Air            0 (200)      100%        9    #######


Dungeon Overview and Level Annotations

Branches:
Dungeon (8/8)              Temple (1/1) D:4            Lair (6/6) D:5
  Swamp (4/4) Lair:2       Spider (4/4) Lair:3        Slime (0/5) Lair:6
    Orc (2/2) D:6             Elf (0/3) Orc:2        Vaults (5/5) D:7
  Crypt (0/3) Vaults:2     Depths (0/5) D:8           IceCv (visited)
Gauntlet (visited)

Altars:
Dithmenos
Fedhas
Ru
Sif Muna
Trog
Yredelemnul
The Shining One
Beogh
Jiyva

Shops:
Orc:2 :([*

Annotations:
Vaults:4 2 runed translucent doors
Vaults:5 Boris


Innate Abilities, Weirdness & Mutations

You have a pair of large horns on your head.
You are mostly covered in thin metallic scales. (AC +3)
You are heat resistant. (rF+)
You regenerate a lot of health from kills.
Your magical and physical power is slightly enhanced at high health.
You are immune to clouds of flame.
You can walk on water.
Your magical capacity is low. (-10% MP)
You are weak. (Str -2)


Message History

The war gargoyle is severely damaged. (12/50) HP The war gargoyle hits you with a +2 battleaxe (22)!!
* * * LOW HITPOINT WARNING * * *
Unknown command.
Unknown command.
You sock the war gargoyle (7)!
The war gargoyle is almost destroyed. (6/50) HP You hit the war gargoyle but do no damage.
The war gargoyle is almost destroyed. (6/50) HP The war gargoyle hits you with a +2 battleaxe (14)!
* * * LOW HITPOINT WARNING * * *
Unknown command.
Unknown command.
You hit the war gargoyle but do no damage.
The war gargoyle is almost destroyed. (7/50) HP You hit the war gargoyle (2).
You headbutt the war gargoyle, but do no damage.
The war gargoyle is almost destroyed. (5/50) HP The war gargoyle hits you with a +2 battleaxe (14)!
You die...

##.####
###o#ooo########
##...#
#...#...#)).#
######o####
#...#...#)).#
#..o..ooo.#
#...#...#oo.#
#...oo..o.#
#...#...#Jo)#
#.....o.o.#
#...#...+oo.#
#..o.o....#
#####...#####
#.o.......#
#..$.9......#
#.........#
#...@.......#
###########
###########'##
#........#
#........#
############
#<..)o...#
.#.#.[.#.#.#
#...o....#
#.#.#.#.#.##
#........#
.#o#.#.#.#.#
#......[)#
#.#o....#.##
###''#######


You could see a war gargoyle.

Vanquished Creatures
  Mennas (Vaults:2)
  Margery (Vaults:3)
  A titan (Vaults:5)
  Asterion (Spider:1)
  A storm dragon (Vaults:5)
  A revenant (Vaults:2)
  4 shadow dragons
  6 spectral hydras (Swamp:4)
  5 thorn hunters
  2 tengu reavers
  Circe (Swamp:3)
  4 fire giants
  A frost giant (Vaults:3)
  A very ugly thing (Vaults:4)
  6 vault wardens
  Gammafunk (Vaults:2)
  4 ghost moths
  8 ironheart preservers
  5 emperor scorpions
  5 stone giants
  2 deep elf demonologists (Vaults:5)
  5 entropy weavers
  2 vampire knights (Swamp:4)
  Snorg (D:5)
  3 spark wasps
  A deep elf death mage (Vaults:5)
  3 ettins
  A crystal guardian (Vaults:4)
  8 yaktaur captains
  5 ogre magi
  A merfolk avatar (Lair:6)
  25 vault guards
  Fannar (D:6)
  16 hydras
  A boulder beetle (Lair:3)
  2 ghost crabs (Swamp:4)
  2 rakshasas (Vaults:1)
  A great orb of eyes (Gauntlet)
  Harold (D:6)
  A catoblepas (Lair:6)
  Erica (Lair:2)
  A dancing weapon (Vaults:4)
  3 death knights
  2 deep troll earth magi (Vaults:2)
  27 two-headed ogres
  4 shambling mangroves
  A vampire mage (Vaults:3)
  12 alligators
  A tengu warrior (D:7)
  A queen ant (Spider:4)
  3 death scarabs (Spider:4)
  An unseen horror (D:8)
  3 deep trolls (Vaults:1)
  5 centaur warriors
  2 deep elf knights
  A swamp dragon (shapeshifter) (Vaults:5)
  5 phantasmal warriors
  7 swamp dragons
  A harpy (shapeshifter) (Gauntlet)
  4 hell knights (Vaults:3)
  A lindwurm (D:7)
  A fire crab (shapeshifter) (Gauntlet)
  4 spriggan druids
  3 orc knights
  4 flayed ghosts
  16 ugly things
  A rock worm (Spider:1)
  7 ironbrand convokers
  A wizard (Vaults:2)
  2 necromancers
  17 wolf spiders
  A guardian serpent (shapeshifter) (D:8)
  9 orb spiders
  2 deep elf magi
  3 oklob plants (Swamp:4)
  13 tyrant leeches
  A manticore (D:7)
  An orc sorcerer (Orc:2)
  4 ice statues
  10 elephants
  4 ice devils (IceCv)
  A moth of wrath (Spider:2)
  2 moths of wrath (shapeshifter)
  A human simulacrum (Vaults:1)
  3 freezing wraiths
  16 spiny frogs
  A spiny frog (shapeshifter) (D:8)
  9 vault sentinels
  2 hydra zombies (Swamp:4)
  9 rime drakes
  2 efreet (D:8)
  8 komodo dragons
  9 yaktaurs
  Psyche (D:5)
  3 bog bodies
  4 trolls
  2 yaktaurs (shapeshifter)
  7 demonic crawlers
  14 jumping spiders
  A queen bee (shapeshifter) (D:7)
  A hydra skeleton (Swamp:4)
  6 meliai
  A queen bee (Lair:1)
  17 hornets
  3 polar bears
  Prince Ribbit (D:3)
  3 cyclopes
  A wind drake (shapeshifter) (D:7)
  A wind drake (Lair:6)
  2 raiju (shapeshifter)
  2 wolf spider zombies
  19 blink frogs
  27 slime creatures
  10 hippogriffs
  4 wraiths
  5 dream sheep (Lair:6)
  3 hydra simulacra (Swamp:4)
  54 redbacks
  4 spriggans
  A shadow (Swamp:3)
  A vampire (D:7)
  2 steam dragons
  Grinder (D:3)
  2 fire bats (D:2)
  26 tarantellas
  5 wyverns
  21 yaks
  A tarantella (shapeshifter) (D:7)
  6 hogs (Swamp:3)
  2 guardian mummies (D:5)
  A hungry ghost (D:6)
  3 spectral redbacks (Spider:4)
  5 basilisks
  12 vampire mosquitoes
  5 wargs
  3 insubstantial wisps (Swamp:4)
  22 swamp worms
  An ogre skeleton (Vaults:1)
  3 redback zombies (Spider:4)
  12 soldier ants (Spider:4)
  4 death drake zombies (Swamp:4)
  A soldier ant (shapeshifter) (Gauntlet)
  20 water moccasins
  2 necrophages
  4 phantoms
  11 porcupines
  3 spectral jumping spiders (Spider:4)
  A spectral tarantella (Spider:4)
  7 orc warriors
  A swamp dragon skeleton (Swamp:4)
  4 sky beasts
  2 death drake skeletons (Swamp:4)
  An ice beast (D:5)
  9 swamp drakes
  2 black bears
  28 ogres
  A black bear (shapeshifter) (Vaults:5)
  24 wolves
  3 boggarts (Vaults:1)
  21 crocodiles
  A yaktaur skeleton (Vaults:1)
  4 big kobolds
  15 bullfrogs
  2 centaurs
  2 draconian simulacra (IceCv)
  4 howler monkeys (D:4)
  A scorpion (D:4)
  2 spectral hornets (Spider:4)
  20 killer bees
  2 polar bear simulacra (Lair:3)
  5 electric eels
  A spriggan simulacrum (IceCv)
  3 troll simulacra (IceCv)
  A yak simulacrum (Lair:3)
  A hornet zombie (Spider:4)
  9 jellies
  7 hounds
  13 orc wizards
  Crazy Yiuf (D:3)
  10 orc priests
  Jessica (D:1)
  3 iguanas
  6 mummies (D:5)
  A water moccasin zombie (D:5)
  18 worker ants
  4 wyvern zombies
  A water moccasin skeleton (D:5)
  3 wyvern skeletons
  An ogre simulacrum (IceCv)
  2 naga simulacra (IceCv)
  An iron imp (D:4)
  8 bullfrog zombies
  A porcupine zombie (D:5)
  12 bullfrog skeletons
  A porcupine skeleton (D:5)
  A centaur simulacrum (IceCv)
  7 gnolls
  3 shadow imps
  13 adders
  38 sewer rats (D:2)
  2 white imps (D:4)
  4 wolf simulacra (Lair:3)
  A spectral worker ant (D:3)
  11 cinder newts
  2 worms (D:2)
  4 oozes (D:2)
  2 hound skeletons (D:5)
  A howler monkey simulacrum (D:3)
  2 dart slugs (D:1)
  4 adder zombies (D:5)
  3 leopard geckos
  24 orcs
  4 adder skeletons
  A cinder newt skeleton (D:2)
  10 giant cockroaches
  8 goblins (D:1)
  6 hobgoblins (D:1)
  2 quokkas
  3 sewer rat simulacra (Lair:3)
  4 ball pythons
  9 bats
  A bat skeleton (D:2)
  A jackal skeleton (D:3)
  22 kobolds
  A kobold skeleton (D:2)
  A leopard gecko skeleton (D:2)
  2 orc skeletons (D:2)
  2 quokka skeletons
  7 rats (D:1)
  5 briar patches
  3 butterflies
  3 fungi
  A plant (Lair:6)
1259 creatures vanquished.

Vanquished Creatures (collateral kills)
  Frederick (Vaults:4)
  The ghost of casual the Hoplite, a veteran MiMo of Hepliaklqana (Vaults:4)
  Arachne (Spider:4)
  A shadow dragon (Vaults:3)
  Donald (Spider:2)
  A fire giant (Vaults:3)
  A frost giant (Vaults:4)
  An orc warlord (Orc:2)
  3 emperor scorpions
  5 vault wardens
  A ghost moth (Spider:3)
  A deep elf sorcerer (Vaults:5)
  2 deep elf elementalists (Vaults:5)
  Aizul (Swamp:1)
  9 stone giants
  A war gargoyle (Vaults:4)
  An entropy weaver (Spider:2)
  A fire dragon (Vaults:1)
  An ettin (Vaults:4)
  6 yaktaur captains
  A hydra (shapeshifter) (Vaults:5)
  2 great orbs of eyes
  9 hydras
  A ghost crab (Swamp:2)
  7 ogre magi
  A rakshasa (Vaults:3)
  A deep troll earth mage (Vaults:1)
  9 boulder beetles
  3 two-headed ogres
  A catoblepas (Lair:2)
  5 vault guards
  5 alligators
  5 death scarabs (Spider:4)
  A death yak (Lair:6)
  A vampire mage (Vaults:2)
  An orc high priest (Orc:2)
  Nergalle (Orc:1)
  A deep troll (Vaults:2)
  3 swamp dragons
  A torpor snail (Spider:3)
  4 phantasmal warriors
  2 ugly things
  A flayed ghost (Swamp:4)
  A wizard (Vaults:1)
  A deep elf archer (Vaults:3)
  4 orc knights
  2 necromancers
  2 ironbrand convokers
  2 deep elf magi (Vaults:5)
  9 orb spiders
  8 wolf spiders
  An orc sorcerer (Vaults:5)
  2 manticores
  5 tyrant leeches
  2 moths of wrath
  5 elephants
  4 freezing wraiths
  7 spiny frogs
  5 vault sentinels
  A kobold demonologist (D:7)
  2 gargoyles (D:6)
  2 komodo dragons
  A troll (Vaults:1)
  7 yaktaurs (Vaults:4)
  6 demonic crawlers
  2 bog bodies
  A polar bear (Lair:4)
  A spectral wolf spider (Spider:4)
  A wind drake (Lair:6)
  2 cyclopes
  6 slime creatures
  24 jumping spiders
  2 hornets
  A hydra simulacrum (Swamp:4)
  7 blink frogs
  A hippogriff (Lair:5)
  A dream sheep (Lair:6)
  2 wolf spider zombies (Spider:4)
  23 redbacks
  13 tarantellas
  A tarantella (shapeshifter) (Vaults:5)
  2 basilisks (D:5)
  9 yaks
  7 vampire mosquitoes
  A human zombie (Vaults:1)
  2 spectral redbacks (Spider:4)
  13 soldier ants (Spider:4)
  A warg (Orc:2)
  10 swamp worms
  A spectral tarantella (Spider:4)
  2 spectral jumping spiders (Spider:4)
  A swamp dragon zombie (Swamp:4)
  3 water moccasins
  2 swamp drakes
  6 orc warriors
  A porcupine (Lair:3)
  An ice beast (Vaults:3)
  5 ogres
  13 wolves
  A crocodile (Lair:3)
  2 bullfrogs
  2 spectral hornets (Spider:4)
  A polar bear simulacrum (Lair:3)
  3 electric eels
  A jelly (D:6)
  6 orc priests
  4 orc wizards
  3 iguanas
  8 worker ants
  A bullfrog zombie (D:6)
  An adder (D:6)
  7 orcs
  A briar patch (Swamp:2)
  A butterfly (D:5)
  4 fungi
  5 plants
404 creatures vanquished.

Vanquished Creatures (others)
  An acid blob (shapeshifter) (Vaults:4)
  A shadow dragon (Vaults:5)
  A sphinx (Vaults:5)
  3 orc warlords
  An ironheart preserver (Vaults:5)
  A hydra (Swamp:2)
  A two-headed ogre (Vaults:5)
  Nergalle (Spider:3)
  An alligator (Swamp:2)
  8 orc high priests
  9 orc knights
  28 orc warriors
  An ironbrand convoker (Vaults:5)
  A necromancer (Vaults:4)
  A spiny frog (Spider:4)
  An orc sorcerer (Vaults:2)
  2 yaktaurs
  A bog body (Swamp:2)
  A tarantella (Spider:3)
  A vampire (D:6)
  2 swamp worms (Swamp:2)
  An ogre (Vaults:5)
  3 jellies (D:2)
  18 orc priests
  15 orc wizards
  5 sewer rats (D:2)
  An ooze (D:2)
  75 orcs
  An adder skeleton (D:3)
  A quokka (D:6)
  A ball python (Swamp:2)
  3 briar patches (Swamp:3)
  7 butterflies (Vaults:5)
  7 fungi
  37 plants
  16 withered plants (D:2)
258 creatures vanquished.

Grand Total: 1921 creatures vanquished

Notes
Turn   | Place    | Note
-------+----------+-------------------------------------------
     0 | D:1      | Lanoc the Hill Orc Demonspawn began the quest for the Orb.
     0 | D:1      | Reached XP level 1. HP: 18/18 MP: 3/3
    67 | D:1      | Reached skill level 3 in Axes & Hammers
    67 | D:1      | Gained mutation: You have a pair of small horns on your
                  | head. [demonic ancestry]
    67 | D:1      | Reached XP level 2. HP: 19/25 MP: 4/4
   117 | D:1      | Gained mutation: You are heat resistant. (rF+) [demonic
                  | ancestry]
   117 | D:1      | Reached XP level 3. HP: 30/30 MP: 5/5
   125 | D:1      | Reached skill level 1 in Armour
   374 | D:2      | Noticed a big kobold
   395 | D:1      | Killed a big kobold
   395 | D:1      | Reached skill level 4 in Axes & Hammers
   395 | D:1      | Reached XP level 4. HP: 13/38 MP: 6/6
   395 | D:1      | Gained mutation: You are immune to clouds of flame.
                  | [demonic ancestry]
   395 | D:1      | Reached XP level 5. HP: 15/45 MP: 7/7
   583 | D:2      | Noticed Jessica
   584 | D:2      | Noticed a slime creature
   595 | D:1      | Killed Jessica
   688 | D:2      | Reached skill level 5 in Axes & Hammers
   707 | D:2      | Reached XP level 6. HP: 40/51 MP: 4/8
   897 | D:2      | Reached skill level 6 in Axes & Hammers
   897 | D:2      | Gained mutation: You are partially covered in thin metallic
                  | scales. (AC +2) [demonic ancestry]
   897 | D:2      | Reached XP level 7. HP: 59/59 MP: 1/9
   948 | D:2      | Killed a slime creature
  1050 | D:2      | Reached skill level 7 in Axes & Hammers
  1085 | D:2      | Reached XP level 8. HP: 50/67 MP: 7/10
  1254 | D:2      | Reached skill level 5 in Fighting
  1286 | D:2      | Found a transporter.
  1700 | D:2      | Reached skill level 8 in Axes & Hammers
  1753 | D:2      | Found a glowing golden altar of the Shining One.
  1835 | D:2      | Found a transporter.
  2864 | D:3      | Reached XP level 9. HP: 73/75 MP: 11/11
  2906 | D:3      | Noticed Prince Ribbit
  2930 | D:3      | Reached skill level 9 in Axes & Hammers
  2936 | D:3      | Reached skill level 5 in Armour
  2993 | D:3      | Killed Prince Ribbit
  3059 | D:3      | Became a worshipper of Beogh the Brigand
  3095 | D:3      | Noticed Grinder
  3110 | D:3      | Killed Grinder
  3165 | D:3      | Reached skill level 1 in Shields
  3189 | D:3      | Found a runed translucent gate.
  3190 | D:3      | Found a runed translucent gate.
  3191 | D:3      | Found a runed translucent gate.
  3298 | D:3      | Found a shadowy altar of Dithmenos.
  3413 | D:3      | Found a runed translucent door.
  3414 | D:3      | Noticed Crazy Yiuf
  3417 | D:3      | your +1 hammer of protection protects you from harm!
  3435 | D:3      | Killed Crazy Yiuf
  3732 | D:4      | Reached skill level 10 in Axes & Hammers
  3880 | D:4      | Reached * piety under Beogh
  3880 | D:4      | Reached skill level 5 in Dodging
  3880 | D:4      | Reached skill level 5 in Invocations
  4036 | D:3      | Gained mutation: You have a pair of horns on your head.
                  | [demonic ancestry]
  4036 | D:3      | Reached XP level 10. HP: 26/84 MP: 12/14
  4797 | D:4      | Found a staircase to the Ecumenical Temple.
  4834 | Temple   | Entered the Ecumenical Temple
  5003 | D:5      | Entered Level 5 of the Dungeon
  5011 | D:5      | Reached ** piety under Beogh
  5015 | D:5      | Reached skill level 11 in Axes & Hammers
  5205 | D:5      | Noticed a two-headed ogre
  5278 | D:4      | Killed a two-headed ogre
  5486 | D:5      | Noticed Snorg
  5594 | D:5      | Noticed Psyche
  5655 | D:4      | Gained mutation: You regenerate a little health from kills.
                  | [demonic ancestry]
  5655 | D:4      | Reached XP level 11. HP: 39/94 MP: 16/16
  6310 | D:5      | Found a sacrificial altar of Ru.
  6322 | D:5      | Reached skill level 12 in Axes & Hammers
  6435 | D:5      | Killed Snorg
  6475 | D:5      | Killed Psyche
  6504 | D:5      | your +1 hammer of protection protects you from harm!
  6965 | D:5      | Reached *** piety under Beogh
  7535 | D:5      | Gained Morguth as an ally
  7622 | D:5      | Found a staircase to the Lair.
  7889 | D:6      | Noticed Fannar
  7926 | D:6      | Found a staircase to the Orcish Mines.
  7944 | D:6      | Reached skill level 10 in Invocations
  8002 | D:6      | Your ally Morguth died
  8050 | D:6      | Reached **** piety under Beogh
  8190 | D:6      | Reached skill level 13 in Axes & Hammers
  8199 | D:6      | Gained Koronagh as an ally
  8233 | D:6      | Noticed a seven-headed hydra
  8402 | D:6      | Your ally Koronagh died
  8429 | D:6      | Killed Fannar
  8429 | D:6      | Gained mutation: You regenerate health from kills. [demonic
                  | ancestry]
  8429 | D:6      | Reached XP level 12. HP: 64/104 MP: 19/19
  8451 | D:6      | Noticed Harold
  8699 | D:6      | Noticed a two-headed ogre
  8832 | Lair:1   | Entered Level 1 of the Lair of Beasts
  8946 | Lair:1   | Noticed an eight-headed hydra
  8995 | Lair:2   | Noticed Erica
  9017 | Lair:2   | Killed Erica
  9077 | Lair:2   | Found a frozen archway.
  9081 | Lair:2   | Identified the +0 pair of boots of the Nine Dances {rF++
                  | Int+2 Slay+2}
  9303 | IceCv    | Entered an ice cave
 10404 | IceCv    | Reached skill level 14 in Axes & Hammers
 10904 | IceCv    | Identified the +4 battleaxe of Yhuump {chop, -Vis +Rage MR-
                  | Str+8}
 11110 | Lair:2   | your +1 hammer of protection protects you from harm!
 11112 | Lair:2   | your +1 hammer of protection protects you from harm!
 11352 | Lair:2   | Found a staircase to the Swamp.
 11944 | Lair:3   | Noticed a five-headed hydra
 11959 | Lair:3   | Killed a one-headed hydra
 11960 | Lair:3   | your +1 hammer of protection protects you from harm!
 11960 | Lair:3   | Noticed a catoblepas
 11964 | Lair:3   | Reached skill level 10 in Fighting
 11968 | Lair:3   | Reached XP level 13. HP: 69/113 MP: 22/22
 12274 | Lair:1   | Reached ***** piety under Beogh
 12630 | Lair:1   | Reached skill level 15 in Axes & Hammers
 12773 | Lair:1   | your +1 hammer of protection protects you from harm!
 13220 | Lair:3   | Identified the cursed +5 staff of Fedhas's Supremacy
                  | {shield, earth; AC+5 Int+5, (Curse: rC-)}
 13391 | Lair:3   | Gained Bogdan as an ally
 13914 | Lair:3   | your +1 hammer of protection protects you from harm!
 13952 | Lair:3   | Found a hole to the Spider Nest.
 13958 | Lair:3   | Reached ****** piety under Beogh
 14044 | Lair:3   | your +1 hammer of protection protects you from harm!
 14339 | Lair:4   | Reached skill level 16 in Axes & Hammers
 14368 | Lair:4   | Reached XP level 14. HP: 121/124 MP: 24/24
 14928 | Lair:5   | Reached skill level 10 in Armour
 14968 | Lair:5   | Found a gate leading to a gauntlet.
 14995 | Gauntlet | Entered a Gauntlet
 14995 | Gauntlet | Found a transporter.
 14995 | Gauntlet | Found a transporter.
 15012 | Gauntlet | Found a transporter.
 15016 | Gauntlet | Found a transporter.
 15022 | Gauntlet | Found a runed translucent gate.
 15022 | Gauntlet | Found a runed translucent gate.
 15023 | Gauntlet | Found a runed translucent gate.
 15024 | Gauntlet | Found a transporter.
 15028 | Gauntlet | Found a transporter.
 15032 | Gauntlet | Found a runed translucent door.
 15032 | Gauntlet | Found a runed translucent door.
 15036 | Gauntlet | Found a transporter.
 15037 | Gauntlet | Identified the +0 pair of gloves of the Mantidfly {rC+
                  | Int+4}
 15055 | Gauntlet | Identified the cursed +0 pair of boots "Lebroigh" {-Cast
                  | Int+2 Dex+5, (Curse: *Slow)}
 15056 | Gauntlet | Found a transporter.
 15072 | Gauntlet | Found a transporter.
 15076 | Gauntlet | Found a transporter.
 15087 | Gauntlet | Found a transporter.
 15088 | Gauntlet | Found a transporter.
 15090 | Gauntlet | Identified the cursed +10 staff of the Lesser Evil {reaver,
                  | life; -Tele rN++ Int+3 Dex+2, (Curse: *Slow)}
 16208 | Lair:6   | Entered Level 6 of the Lair of Beasts
 16208 | Lair:6   | Found a viscous altar of Jiyva.
 16208 | Lair:6   | Found a staircase to the Slime Pits.
 16340 | Lair:6   | Your ally Bogdan died
 16344 | Lair:6   | Gained Borgoth as an ally
 16346 | Lair:6   | Reached skill level 17 in Axes & Hammers
 16349 | Lair:6   | Reached skill level 15 in Invocations
 16776 | Lair:6   | Gained mutation: You regenerate a lot of health from kills.
                  | [demonic ancestry]
 16776 | Lair:6   | Reached XP level 15. HP: 128/132 MP: 26/26
 17731 | D:6      | Killed Harold
 18303 | D:7      | Identified the Tome of Sinister Weightlessness
 18699 | D:7      | Found a gate to the Vaults.
 18988 | D:7      | Found a shimmering blue altar of Sif Muna.
 19018 | D:8      | Entered Level 8 of the Dungeon
 19227 | D:8      | Reached skill level 18 in Axes & Hammers
 19238 | D:8      | Found a bloodstained altar of Trog.
 19393 | D:8      | Found a staircase to the Depths.
 19475 | D:8      | Found a bloodstained altar of Trog.
 19813 | Orc:1    | Entered Level 1 of the Orcish Mines
 20048 | Orc:1    | Noticed Nergalle
 20057 | Orc:1    | Killed Nergalle
 20463 | Orc:2    | Entered Level 2 of the Orcish Mines
 20463 | Orc:2    | Found a roughly hewn altar of Beogh.
 20532 | Orc:2    | Gained Morguth as an ally
 20581 | Orc:2    | Found a roughly hewn altar of Beogh.
 20680 | Orc:2    | Found a roughly hewn altar of Beogh.
 20683 | Orc:2    | Found Etyuxos's General Store.
 20741 | Orc:2    | Found a staircase to the Elven Halls.
 20789 | Orc:2    | Found a roughly hewn altar of Beogh.
 20790 | Orc:2    | Found Jois's Book Emporium.
 20989 | Orc:2    | Gained mutation: You are weak. (Str -2) [a neqoxec]
 20991 | Orc:2    | Found a roughly hewn altar of Beogh.
 20991 | Orc:2    | Found Qac Rayk's Antique Armour Shop.
 21007 | Orc:2    | Found Nuazufij's Antique Weapon Boutique.
 21292 | Orc:2    | Found a roughly hewn altar of Beogh.
 21308 | Orc:2    | Found a roughly hewn altar of Beogh.
 21316 | Orc:2    | Found a roughly hewn altar of Beogh.
 21347 | Orc:2    | Bought a manual of Fighting for 1324 gold pieces
 21546 | Swamp:1  | Entered Level 1 of the Swamp
 21568 | Swamp:1  | Gained Brandogh as an ally
 21586 | Swamp:1  | Noticed Aizul
 21613 | Swamp:1  | Killed Aizul
 21613 | Swamp:1  | Gained Syrus as an ally
 21617 | Swamp:1  | Gained mutation: You have a pair of large horns on your
                  | head. [demonic ancestry]
 21617 | Swamp:1  | Reached XP level 16. HP: 32/141 MP: 28/28
 21720 | Swamp:1  | Identified a scroll of acquirement
 21889 | Swamp:2  | Identified the +1 plate armour "Koinaydgh" {rPois Str+9
                  | Stlth-}
 21913 | Swamp:2  | Gained Bogmar as an ally
 21917 | Swamp:2  | Gained Warbeogh as an ally
 21917 | Swamp:2  | Your ally Brandogh died
 21919 | Swamp:2  | Your ally Syrus died
 21943 | Swamp:2  | Reached skill level 19 in Axes & Hammers
 22545 | Swamp:3  | Noticed Circe
 22577 | Swamp:3  | Noticed a sphinx
 22623 | Swamp:3  | Noticed a sphinx
 22623 | Swamp:3  | Killed Circe
 22795 | Swamp:3  | Reached skill level 10 in Dodging
 23108 | Swamp:4  | Entered Level 4 of the Swamp
 23121 | Swamp:4  | Gained Korbok as an ally
 23124 | Swamp:4  | Your ally Korbok died
 23184 | Swamp:4  | Reached XP level 17. HP: 54/154 MP: 28/30
 23256 | Swamp:4  | Gained Nordag as an ally
 23430 | Swamp:4  | Reached skill level 20 in Axes & Hammers
 23441 | Swamp:4  | Gained Ugrim as an ally
 23495 | Swamp:4  | Reached skill level 15 in Fighting
 23511 | Swamp:4  | Your ally Nordag died
 23514 | Swamp:4  | Found a blossoming altar of Fedhas.
 23534 | Swamp:4  | Your ally Ugrim died
 23550 | Swamp:4  | Gained Garbold as an ally
 23562 | Swamp:4  | Your ally Garbold died
 23610 | Swamp:4  | Got a decaying rune of Zot
 23634 | Swamp:4  | Found a basalt altar of Yredelemnul.
 23651 | Swamp:4  | Gained Argrim as an ally
 23932 | Spider:1 | Entered Level 1 of the Spider Nest
 24026 | Spider:1 | Your ally Warbeogh died
 24264 | Spider:1 | Gained Bogdar as an ally
 24397 | Spider:1 | Noticed Asterion
 24409 | Spider:1 | Killed Asterion
 24516 | Spider:1 | Gained Warrok as an ally
 24865 | Spider:2 | Reached XP level 18. HP: 164/166 MP: 31/31
 25210 | Spider:2 | Noticed Donald
 25221 | Spider:2 | Killed Donald
 25440 | Spider:3 | Your ally Bogdar died
 25446 | Spider:3 | Reached skill level 21 in Axes & Hammers
 25449 | Spider:3 | Your ally died
 26127 | Spider:4 | Entered Level 4 of the Spider Nest
 26136 | Spider:4 | Noticed Arachne
 26160 | Spider:4 | Killed Arachne
 26228 | Spider:4 | Identified the +2 ring mail of Qoutish {rElec rN+ Regen+
                  | Dex+2}
 26245 | Spider:4 | Gained Warrok as an ally
 26249 | Spider:4 | Your ally Warrok died
 26287 | Spider:4 | Gained Wardok as an ally
 26310 | Spider:4 | Gained Gorbash as an ally
 26853 | Spider:4 | Your ally Wardok died
 26858 | Spider:4 | Reached XP level 19. HP: 175/177 MP: 18/33
 26863 | Spider:4 | Gained Horkud as an ally
 26889 | Spider:4 | Got a gossamer rune of Zot
 27393 | Vaults:1 | Entered Level 1 of the Vaults
 27441 | Vaults:1 | Gained Bogfrid as an ally
 27446 | Vaults:1 | Your ally Bogfrid died
 27566 | Vaults:1 | Gained Judas as an ally
 27680 | Vaults:1 | Reached skill level 22 in Axes & Hammers
 27730 | Vaults:1 | Gained Milork as an ally
 28827 | Vaults:2 | Gained Morun as an ally
 28927 | Vaults:2 | Noticed Mennas
 28964 | Vaults:2 | Your ally Morun died
 28966 | Vaults:2 | Your ally Milork died
 28978 | Vaults:2 | Killed Mennas
 29202 | Vaults:2 | Your ally Morun died
 29352 | Vaults:2 | Found a staircase to the Crypt.
 29820 | Vaults:2 | Gained Arkwar as an ally
 29990 | Vaults:2 | Noticed Gammafunk
 29991 | Vaults:2 | Found a transporter.
 29991 | Vaults:2 | Found a transporter.
 30136 | Vaults:2 | Killed Gammafunk
 30158 | Vaults:2 | Gained mutation: Your magical and physical power is
                  | slightly enhanced at high health. [demonic ancestry]
 30158 | Vaults:2 | Reached XP level 20. HP: 189/189 MP: 34/34
 30256 | Vaults:3 | Reached XP level 21. HP: 195/195 MP: 35/35
 30672 | Vaults:3 | Reached skill level 23 in Axes & Hammers
 30806 | Vaults:3 | Your ally Borgoth died
 30823 | Vaults:3 | Your ally Judas died
 30847 | Vaults:3 | Your ally Warrok died
 30897 | Vaults:3 | Noticed Margery
 30923 | Vaults:3 | Killed Margery
 31024 | Vaults:3 | Gained Bogmar as an ally
 31505 | Vaults:4 | Noticed Frederick
 31517 | Vaults:4 | Killed Frederick
 31814 | Vaults:4 | Found a large runed translucent door.
 31814 | Vaults:4 | Found a large runed translucent door.
 31814 | Vaults:4 | Found a large runed translucent door.
 31814 | Vaults:4 | Found a large runed translucent door.
 31814 | Vaults:4 | Found a large runed translucent door.
 31814 | Vaults:4 | Found a large runed translucent door.
 31814 | Vaults:4 | Found a large runed translucent door.
 31814 | Vaults:4 | Found a large runed translucent door.
 31814 | Vaults:4 | Noticed casual's ghost (veteran MiMo)
 31883 | Vaults:4 | Your ally Warrok died
 31888 | Vaults:4 | Killed casual's ghost
 31891 | Vaults:4 | Gained Beowulf as an ally
 31949 | Vaults:4 | Reached skill level 15 in Armour
 31968 | Vaults:4 | Gained Wargrak as an ally
 32101 | Vaults:4 | Gained Marbaugh as an ally
 32703 | Vaults:4 | Gained mutation: Your magical capacity is low. (-10% MP)
                  | [mutagenic glow]
 32875 | Vaults:5 | Entered Level 5 of the Vaults
 32882 | Vaults:5 | Gained mutation: You are mostly covered in thin metallic
                  | scales. (AC +3) [demonic ancestry]
 32882 | Vaults:5 | Reached XP level 22. HP: 95/205 MP: 33/33
 32918 | Vaults:5 | Noticed Boris
 33313 | Vaults:4 | Reached skill level 24 in Axes & Hammers
 33703 | Vaults:5 | Gained Wargath as an ally
 33705 | Vaults:5 | Identified the cursed +4 quarterstaff of the Final Decision
                  | {speed, +Inv rN+ Stlth-, (Curse: rC-)}
 33714 | Vaults:5 | HP: 5/206 [storm dragon/bolt of lightning (15)]
 33731 | Vaults:5 | HP: 5/206 [something (16)]
 33995 | Vaults:5 | Your ally Wargath died
 34068 | Vaults:5 | Your ally Wargath died
 34076 | Vaults:4 | HP: 6/206 [war gargoyle/+2 battleaxe (14)]
 34077 | Vaults:4 | Mangled by a war gargoyle

Levels and vault maps discovered:
D:1:      dpeg_arrival_stone_temple_mockup, layout_loops_ring,
          minmay_misc_feat_ornament, mrwooster_statue_mirror,
          chequers_decorated_corner
D:2:      gammafunk_cloud_chamber, layout_sewer, lemuel_doored_altar,
          uniq_jessica
D:3:      miniossuary_kennysheep_ghosthouse, layout_cave_pools,
          grunt_dithmenos_shadows, first_ration, uniq_prince_ribbit1,
          uniq_grinder, uniq_crazy_yiuf_cottage
D:4:      layout_irregular_city, minmay_temple_entry_butterflies, grunt_pizzeria
D:5:      ossuary_tomb_3, layout_loops_ring, erik_lair_dragon,
          nicolae_ru_the_path_less_chosen, uniq_snorg, uniq_psyche
D:6:      minmay_s_stair_smasher, layout_rooms, orc_0_dummy, uniq_harold,
          uniq_fannar
D:7:      layout_basic, david_vaults_4, nicolae_two_hexagons, tgw_sif
D:8:      hangedman_depths_entry_civil_slaughter, layout_long_grid,
          lightli_temple_of_fire, lemuel_round_altar
Temple:   eino_temple_scatter_basement
Lair:1:   layout_roguey, special_room [special_room_bee], minivault_23,
          chequers_serial_rivers_micro_a
Lair:2:   layout_cave_pods, swamp_mist, portal_ice_cave_entry_pillars_1,
          chequers_serial_rivers_micro_e, st_stairs_8, uniq_erica
Lair:3:   cheibrodos_lair_overgrown_chateau, layout_misc_corridors,
          nicolae_spider_entry_tight_spaces, eino_house_with_fridge,
          grunt_megastairs_4, serial_bayou_shore_a
Lair:4:   layout_cave_shapes
Lair:5:   layout_gridlike, gauntlet_entry_generic, grunt_forest_large_clearings,
          grunt_megastairs_2, lemuel_fruit_fields, serial_bayou_shore_b
Lair:6:   gammafunk_lair_ancient_temple, layout_layer_cave, slime_altar_1,
          nicolae_lair_yak_garden
Swamp:1:  layout_basic_swamp, evilmike_swamp_ruin_house_4, uniq_aizul
Swamp:2:  layout_basic_swamp, serial_swamp_ruin, evilmike_swamp_ruin_house_1,
          evilmike_swamp_ruin_house_5, evilmike_swamp_ruin_house_3,
          infiniplex_staircase_pool
Swamp:3:  layout_falls_marsh, evilmike_swamp_ruin_house_2, swamp_pool5,
          nicolae_swamp_round_clearing, uniq_circe
Swamp:4:  byrel_swamp_growth_death_and_undeath, layout_basic_swamp
Spider:1: layout_spider_delve, uniq_asterion
Spider:2: cheibrodos_forgotten_conduit, nicolae_spider_stair_cavern, uniq_donald
Spider:3: layout_spider_delve, drop_trap, spiders_nest_ghost_moth_duel
Spider:4: floodkiller_spider_rune_tomb, minivault_29, uniq_arachne
Orc:1:    nicolae_orc_accident_3, layout_diamond_mine, uniq_nergalle
Orc:2:    grunt_orc_community_town_hall, layout_caves,
          grunt_orc_community_big_house_1, grunt_orc_community_big_house_2,
          grunt_orc_community_house_3, grunt_orc_community_house_3,
          grunt_orc_community_house_3, grunt_orc_community_house_2,
          grunt_orc_community_house_2
Vaults:1: v_misc_8, nicolae_vaults_little_squares_2, ontoclasm_vaults_bender,
          vaults_room_pools, grunt_vaults_twisty, nicolae_vaults_sealed_display,
          v_misc_16, v_misc_2, nicolae_vaults_hallways_thing,
          nicolae_vaults_ring_of_whatevers, v_misc_15,
          vaults_room_grunt_arrival_checkpoint, ontoclasm_vaults_gallery,
          layout_vaults_ring
Vaults:2: minmay_crypt_entry_simple_box, hangedman_vaults_nails,
          hangedman_vaults_restitches, stair_cage_open, hangedman_vaults_hat,
          v_rooms_4, nicolae_vaults_yaktaur_gun_rack,
          nicolae_vaults_diagonal_hallway_7, nicolae_vaults_mini_display_case,
          vaults_room_door_ring, layout_vaults_omnigrid, uniq_mennas,
          uniq_gammafunk_teleport
Vaults:3: vaults_dpeg_ring, nicolae_vaults_gold_heap, dpeg_vaults_waves,
          ontoclasm_vaults_ring_square, nicolae_vaults_rhombus_7, serial_ice_b,
          nicolae_vaults_circle_grid_a, hangedman_vaults_stagger,
          vaults_room_large_hall, v_misc_18, hangedman_vaults_pinch,
          hangedman_vaults_trim, vaults_room_octagon,
          nicolae_vaults_little_squares_6, vaults_dpeg_hooks,
          nicolae_vaults_specimen_jars, layout_vaults_omnicross, uniq_margery
Vaults:4: advil_vaults_ghost_lines, v_pattern_2, vaults_room_pool,
          nicolae_vaults_angled_halls, vaults_room_door_ring,
          nicolae_vaults_disjoint_gnomons, ontoclasm_vaults_pinch,
          hangedman_vaults_trim, ontoclasm_vaults_spin, v_misc_10,
          grunt_vaults_focal, vaults_mumra_hexcomb, v_alt_pattern_1,
          layout_vaults_maze_snakey, uniq_frederick
Vaults:5: serial_shops, uniq_boris

Skill      XL: |  1  2  3  4  5  6  7  8  9 10 11 12 13 14 15 16 17 18 19 20 21 22 |
---------------+-------------------------------------------------------------------+-----
Axes & Hammers | 3 4 5 6 7 8 10 11 13 14 16 17 18 19 20 21 22 23 24 | 24.4
Armour         | 1 2 3 4 5 6 7 8 9 10 11 12 13 14 15 | 15.7
Fighting       | 3 4 5 6 7 9 10 11 12 14 15 17 18 19 | 19.5
Dodging        | 3 4 5 6 7 8 9 10 11 12 | 12.8
Invocations    | 5 7 10 12 13 15 16 18 19 20 21 22 23 | 23.2
Shields        | 2 4 |  4.0
Stealth        | |  1.5
Spellcasting   | |  1.5

Action                   |  1- 3 |  4- 6 |  7- 9 | 10-12 | 13-15 | 16-18 | 19-21 | 22-24 || total
-------------------------+-------+-------+-------+-------+-------+-------+-------+-------++-------
Melee: War axe           |    72 |    46 |   233 |       |       |       |       |       ||   351
       Unarmed           |    41 |    32 |   131 |     2 |       |    16 |       |       ||   222
       Headbutt          |     5 |     8 |    92 |   340 |   382 |   333 |   272 |    43 ||  1475
       Hammer            |       |       |   139 |  1068 |  1037 |  1035 |   793 |   130 ||  4202
       Hatchet           |       |       |       |    20 |    42 |       |       |       ||    62
       Broad axe         |       |       |       |       |       |       |     5 |   121 ||   126
 Cast: Flame Tongue      |       |    25 |    43 |       |       |       |       |       ||    68
Invok: Convert to Beogh  |       |       |     1 |       |       |       |       |       ||     1
       Smiting           |       |       |       |     9 |     1 |       |       |       ||    10
       Recall Orcish Fol |       |       |       |     4 |     5 |     6 |     4 |       ||    19
       Give Item to Name |       |       |       |       |     3 |     1 |     2 |       ||     6
       Resurrection      |       |       |       |       |     2 |     1 |     1 |     1 ||     5
Evoke: Wand              |       |       |       |     2 |     2 |       |       |       ||     4
       Lamp of fire      |       |       |       |       |     1 |       |       |       ||     1
  Use: Scroll            |       |       |     1 |     4 |    12 |    10 |     1 |     9 ||    37
       Potion            |       |       |       |    18 |     4 |     6 |     6 |     9 ||    43
 Stab: Distracted        |       |       |       |     1 |    10 |    16 |     5 |     2 ||    34
       Petrified         |       |       |       |       |    15 |       |       |       ||    15
       Held in net/web   |       |       |       |       |       |     7 |       |       ||     7
       Petrifying        |       |       |       |       |       |     1 |       |       ||     1
  Eat: Chunk             |       |     2 |    13 |    22 |    32 |    18 |    19 |     2 ||   108
       Ration            |       |       |       |     2 |       |       |     2 |       ||     4
Armor: Leather armour    |     7 |       |       |       |       |       |       |       ||     7
       Scale mail        |    19 |    18 |   113 |       |       |       |       |       ||   150
       Ring mail         |       |       |    48 |   225 |       |       |       |       ||   273
       Skin              |       |       |       |    30 |       |       |       |       ||    30
       Chain mail        |       |       |       |   178 |   567 |    32 |       |       ||   777
       Gold dragon scale |       |       |       |       |       |  1021 |   392 |   259 ||  1672
Dodge: Dodged            |    47 |    66 |   258 |   428 |   367 |   407 |   179 |    77 ||  1829
Block: Buckler           |       |       |    38 |   327 |   292 |   435 |   164 |       ||  1256
